 Dungeon Crawl Stone Soup version 0.32-a0-42-ga30500b4d3 (webtiles) character file.

Game seed: 4785049806379285059

466 cforsyth the Trooper (level 7, 0/81 HPs)
             Began as a Djinni Reaver on Jan 28, 2024.
             Was an Initiate of Yredelemnul.
             Slain by Edmund
             ... wielding a +0 flail of holy wrath
              (8 damage)
             ... on level 4 of the Dungeon.
             The game lasted 00:07:27 (3455 turns).

cforsyth the Trooper (Djinni Reaver)                Turns: 3455, Time: 00:07:27

Health: 0/81       AC: 23    Str:  8 (11) XL:     7   Next: 30%
Gold:   127        EV:  2    Int: 15 (16) God:    Yredelemnul [......] SH:  0 Dex: 11 (12)

rFire   x . .        a - +0 short sword
rCold   + . .        (no shield)
rNeg    . . .        r - melded +2 robe {Will+}
rPois   ∞            (helmet currently unavailable)
rElec   .            (cloak currently unavailable)
rCorr   .            (gloves currently unavailable)
SInv    .            (boots unavailable)
Will    .....        (no amulet)
Stlth   +            h - ring of ice
HPRegen 0.33/turn    (no ring)
MPRegen 0.00/turn

%: infuse magic (-1 HP)
@: mighty, tree-form
A: stationary, stasis, torment immunity, boosted hp, sickness immunity, (fire
resistance 2), (cold vulnerability 1), float, innate caster, HP casting, extra
vitality 1, MP-powered wands
a: Renounce Religion, Recall Undead Harvest


You were on level 4 of the Dungeon.
You worshipped Yredelemnul.
Yredelemnul was noncommittal.
You were a tree.
You visited 2 branches of the dungeon, and saw 5 of its levels.

You collected 127 gold pieces.

Inventory:

Hand Weapons
 a - a +0 short sword (weapon)
 q - a +1 spectral club
Armour
 b - a +0 leather armour
 r - a +2 robe of willpower (melded)
Jewellery
 h - a ring of ice (left branch)
Scrolls
 e - 2 scrolls of teleportation {unknown}
 f - 2 scrolls of poison {unknown}
 g - 5 scrolls of identify {unknown}
 j - a scroll of torment {unknown}
 k - a scroll of acquirement {unknown}
 l - 2 scrolls of amnesia {unknown}
 p - 3 scrolls of fog {unknown}
Potions
 d - a potion of cancellation {unknown}
 i - a potion of mutation
 m - a potion of curing
 n - a potion of resistance {unknown}
 o - 4 potions of degeneration
 s - a potion of might


   Skills:
 + Level 5.4 Fighting
 - Level 2.6 Short Blades
 - Level 2.1 Dodging
 + Level 4.8 Spellcasting
 + Level 4.8 Conjurations
 + Level 4.8 Hexes
 + Level 4.8 Summonings
 + Level 4.8 Necromancy
 + Level 4.8 Translocations
 + Level 4.8 Fire Magic
 + Level 4.8 Ice Magic
 + Level 4.8 Air Magic
 + Level 4.8 Earth Magic
 + Level 4.8 Alchemy


You knew the following spells:

 Your Spells              Type           Power      Damage    Failure   Level
a - Kiss of Death         Conj/Necr      72%        2d10      2%          1
b - Momentum Strike       Conj/Tloc      36%        3d9       3%          2
c - Hailstorm             Conj/Ice       27%        3d8       7%          3
d - Slow                  Hex            72%        N/A       2%          1
e - Lesser Beckoning      Tloc           36%        N/A       3%          2
f - Tukima's Dance        Hex            18%        N/A       7%          3
Your spell library was empty.

Dungeon Overview and Level Annotations

Branches:
Dungeon (4/15)             Temple (1/1) D:4

Altars:
Dithmenos
Elyvilon
Fedhas
Gozag
Makhleb
Nemelex Xobeh
Okawaru
Trog
Uskayaw
Yredelemnul
Zin
The Shining One

Annotations:
D:4 Edmund


Innate Abilities, Weirdness & Mutations

You are a tree.
Your roots penetrate the ground, keeping you stationary.
You cannot be teleported.
You are immune to unholy pain and torment.
Your maximum health is greatly increased.
Your equipment is partially melded.
You are immune to sickness and miasma.
You are immune to poison.
((Your flesh is very heat resistant. (rF++)))
((You are vulnerable to cold. (rC-)))
You float through the air rather than walking.
You learn spells naturally, not from books.
Your magical power is your life essence.
You have superior vitality. (+4 MHP)
You expend health (3 HP) to strengthen your wands.


Message History

Confirm with . or Enter, or press ? or * to list all spells.
Aiming: Slow (safe; 2% risk of failure)
Press: ? - help, Shift-Dir - straight line, f/p - Edmund
Aim: Edmund, wielding a +0 flail of holy wrath and wearing a +0 chain mail (chance to affect: 51%) Edmund resists with significant effort.
Edmund barely misses you.
Casting: Slow (safe; 2% risk of failure)
Confirm with . or Enter, or press ? or * to list all spells.
Aiming: Slow (safe; 2% risk of failure)
Press: ? - help, Shift-Dir - straight line, f/p - Edmund
Aim: Edmund, wielding a +0 flail of holy wrath and wearing a +0 chain mail (chance to affect: 51%) Edmund resists with significant effort.
* * * LOW HITPOINT WARNING * * *
Edmund hits you with a +0 flail of holy wrath!
* * * LOW HITPOINT WARNING * * *
You closely miss Edmund. You punch Edmund, but do no damage.
Edmund hits you with a +0 flail of holy wrath.
* * * LOW HITPOINT WARNING * * *
It was a potion of mutation.
You feel extremely strange.
You feel your magical essence link to the dungeon's wands.
Edmund barely misses you.
a - a +0 short sword (weapon)
Edmund barely misses you.
You are too injured to fight recklessly!
It was a potion of degeneration.
There was something very wrong with that liquid.
You feel weakened.
You feel dopey.
You feel clumsy. Edmund barely misses you.
It was a potion of might.
You feel very mighty all of a sudden. Edmund hits you but does no damage.
It was a potion of curing.
You feel better.
Edmund hits you with a +0 flail of holy wrath!
* * * LOW HITPOINT WARNING * * *
It was a potion of lignification.
You turn into a tree.
Your +2 robe of willpower melds into your body.
You feel less strong-willed.
Your roots penetrate the ground.
Edmund hits you with a +0 flail of holy wrath!
You die...
Edmund says, "I'd like to see a scythe do that!"
Your body becomes fuel for the black torch.

. .#..............# ..
...#.#....##...# ...
.###.#.........#
...###...##......#...#
#.#........#......#...#
....##..>..##...#.##...#
#...#........#.#.# ...#
##..##...###.....# #...
.####..#♣###.........
...
.......#@#......###...
#....S.....#.# ...
##....#.....### ..
#.............
#.......#..... ..
........###...... ..#..
........# ...# ##.#..
......... ##.........##


You could see Edmund and an adder.

Vanquished Creatures
  A black bear (D:3)
  A scorpion (D:3)
  A bombardier beetle (D:3)
  2 orc priests
  A jelly (D:4)
  Jessica (D:2)
  2 orc wizards
  5 gnolls
  2 adders
  4 dart slugs
  A ribbon worm (D:2)
  3 orcs
  3 bats
  5 endoplasms
  3 giant cockroaches
  5 goblins
  3 jackals (D:1)
  2 quokkas
  3 ball pythons
  A frilled lizard (D:1)
  8 kobolds
  6 rats
63 creatures vanquished.

Vanquished Creatures (collateral kills)
  An orc (D:4)
1 creature vanquished.

Vanquished Creatures (others)
  A dancing weapon (D:4)
1 creature vanquished.

Grand Total: 65 creatures vanquished

Notes
Turn   | Place    | Note
-------+----------+-------------------------------------------
     0 | D:1      | cforsyth the Djinni Reaver began the quest for the Orb.
     0 | D:1      | cforsyth set off with the following spells memorised: Kiss
                  | of Death, Momentum Strike, Hailstorm.
     0 | D:1      | Reached XP level 1. HP: 18/18 MP: 0/0
   183 | D:1      | Reached XP level 2. HP: 23/23 MP: 0/0
   477 | D:1      | Reached XP level 3. HP: 29/29 MP: 0/0
   477 | D:1      | Learned a level 1 spell: Slow
   859 | D:2      | Reached skill level 3 in Fighting
  1031 | D:2      | Reached XP level 4. HP: 15/35 MP: 0/0
  1363 | D:2      | Noticed Jessica
  1371 | D:2      | Killed Jessica
  1471 | D:2      | Found a faded altar of an unknown god.
  1526 | D:2      | Reached XP level 5. HP: 40/40 MP: 0/0
  1526 | D:2      | Learned a level 2 spell: Lesser Beckoning
  2055 | D:2      | Reached skill level 4 in Fighting
  2280 | D:3      | Reached XP level 6. HP: 31/47 MP: 0/0
  2616 | D:3      | Found a sparkling altar of Nemelex Xobeh.
  2795 | D:4      | Noticed a black bear
  2804 | D:3      | Killed a black bear
  2805 | D:3      | Reached skill level 5 in Fighting
  2844 | D:3      | Reached XP level 7. HP: 35/54 MP: 0/0
  2844 | D:3      | Learned a level 3 spell: Tukima's Dance
  3399 | D:4      | Found a staircase to the Ecumenical Temple.
  3412 | Temple   | Entered the Ecumenical Temple
  3419 | Temple   | Became a worshipper of Yredelemnul the Dark
  3433 | D:4      | Noticed Edmund
  3449 | D:4      | HP: 2/54 [Edmund/+0 flail of holy wrath (5)]
  3450 | D:4      | Gained mutation: You expend health (3 HP) to strengthen
                  | your wands. [potion of mutation]
  3455 | D:4      | Slain by Edmund

Illustrated notes

Levels and vault maps discovered:
D:1:      psy_arrival_fountain, layout_basic
D:2:      layout_basic, basic_ecumenical_altar, dk_vineyard_1, uniq_jessica
D:3:      layout_rooms, nemelex_spade_bored_becter
D:4:      layout_cave_pools, marbit_many_paths, minmay_temple_entry_slanted,
          st_stairs_1, uniq_edmund, uniq_pikel
Temple:   nicolae_temple_no_exploring_needed

Skill      XL: |  1  2  3  4  5  6 |
---------------+-------------------+-----
Spellcasting   | 3 4 |  4.8
Conjurations   | 3 4 |  4.8
Hexes          | 3 4 |  4.8
Summonings     | 3 4 |  4.8
Necromancy     | 3 4 |  4.8
Translocations | 3 4 |  4.8
Fire Magic     | 3 4 |  4.8
Ice Magic      | 3 4 |  4.8
Air Magic      | 3 4 |  4.8
Earth Magic    | 3 4 |  4.8
Alchemy        | 3 4 |  4.8
Fighting       | 3 4 5 |  5.4
Short Blades   | |  2.6
Dodging        | |  2.1

Action                     |  1- 3 |  4- 6 |  7- 9 || total
---------------------------+-------+-------+-------++-------
  Melee: Short sword       |   142 |    62 |       ||   204
         Punch             |     2 |       |     2 ||     4
         Club              |       |    45 |    24 ||    69
   Cast: Slow              |    14 |    16 |     5 ||    35
         Momentum Strike   |       |     6 |       ||     6
         Lesser Beckoning  |       |     1 |       ||     1
         Hailstorm         |       |     4 |     2 ||     6
         Tukima's Dance    |       |       |     7 ||     7
    Use: Potion            |       |       |     5 ||     5
   Stab: Distracted        |       |     1 |       ||     1
 Armour: Leather armour    |    49 |    19 |       ||    68
         Robe              |       |    31 |    24 ||    55
         Skin              |       |       |     1 ||     1
  Dodge: Dodged            |    88 |    60 |    23 ||   171

Table legend: (Time is in decaauts)
 A = Elapsed time spent in this place.
 B = Non-inter-level travel time spent in this place.
 C = Inter-level travel time spent in this place.
 D = Time resting spent in this place.
 E = Time spent auto-exploring this place.
 F = Levels seen in this place.
 G = Mean time per level.
                   A        B        C        D        E       F      G
               +--------+--------+--------+--------+--------+-----+--------+
         Total |   3458 |   3403 |     55 |    875 |   1730 |   5 |  691.6 |
       Dungeon |   3444 |   3396 |     48 |    875 |   1730 |   4 |  861.0 |
        Temple |     14 |      7 |      7 |      0 |      0 |   1 |   14.0 |
               +--------+--------+--------+--------+--------+-----+--------+

Top non-repeatable levels by time:
     D:2: 1497 daAuts
     D:3: 905 daAuts
     D:1: 765 daAuts
     D:4: 276 daAuts
  Temple: 14 daAuts
